 Dungeon Crawl Stone Soup version 0.30.1 (webtiles) character file.

Game seed: 13676532444113460443

15953 Dogbites the Severer (level 12, -2/91 HPs)
             Began as a Minotaur Berserker on July 2, 2023.
             Was an Elder of Trog.
             Slain by a cane toad (6 damage)
             ... on level 3 of the Lair of Beasts on July 3, 2023.
             The game lasted 00:58:10 (20613 turns).

Dogbites the Severer (Minotaur Berserker)          Turns: 20613, Time: 00:58:11

Health: -2/91      AC: 30    Str: 27    XL:     12   Next: 5%
Magic:  11/11      EV:  9    Int:  4    God:    Trog [****..]
Gold:   730        SH:  0    Dex: 10    Spells: 11/11 levels left

rFire   x . .        H - +4 war axe (heavy)
rCold   + . .        (no shield)
rNeg    . . .        t - +1 plate armour
rPois   +            (helmet restricted)
rElec   .            o - +2 cloak {Stlth+}
rCorr   .            h - +2 pair of gloves
SInv    .            B - +1 pair of boots "Sucudefa" {+Inv Will+ Regen+}
Will    +....        (no amulet) Stlth
                     l - ring of poison resistance
HPRegen 0.00/turn    i - ring of ice
MPRegen 0.12/turn

%: no passive effects
@: inhibited regen
A: horns 2, retaliatory headbutt, iridescent scales 1, inhibited regeneration
a: Renounce Religion, Evoke Invisibility, Berserk, Trog's Hand, Brothers in Arms


You were on level 3 of the Lair of Beasts.
You worshipped Trog.
Trog was greatly pleased with you.
You visited 2 branches of the dungeon, and saw 14 of its levels.

You collected 914 gold pieces.
You spent 184 gold pieces at shops.

Inventory:

Hand Weapons
 a - a +1 hand axe of draining
 w - a +0 war axe
 C - a +0 hand axe
 H - a +4 heavy war axe (weapon)
Missiles
 z - 2 throwing nets
Armour
 b - a +0 animal skin
 c - a +0 cloak
 d - a +0 scale mail
 h - a +2 pair of gloves (worn)
 o - a +2 cloak of stealth (worn)
 t - a +1 plate armour (worn)
 B - the +1 pair of boots "Sucudefa" (worn) {+Inv Will+ Regen+}
   (You found it on level 7 of the Dungeon)

   +Inv:      It lets you turn invisible.
   Regen:     It increases your rate of health regeneration.
   Will:      It increases your willpower.
Jewellery
 i - a ring of ice (right hand)
 j - a ring of magical power
 l - a ring of poison resistance (left hand)
 q - a ring of protection from fire
 r - a ring of willpower
 I - a ring of willpower
 P - a ring of fire
Wands
 s - a wand of flame (27)
 u - a wand of iceblast (2)
 N - a wand of mindburst (8)
Scrolls
 g - 3 scrolls of amnesia
 m - 3 scrolls of noise
 n - 4 scrolls of vulnerability
 p - 8 scrolls of teleportation
 x - 3 scrolls of blinking
 y - 6 scrolls of identify
 A - 2 scrolls of fog
 D - a scroll of fear
 F - a scroll of poison
 G - 5 scrolls of magic mapping
 J - 2 scrolls of immolation
Potions
 e - 4 potions of lignification
 f - 2 potions of curing (quivered)
 k - 6 potions of mutation
 v - a potion of berserk rage
 E - 3 potions of resistance
 K - 5 potions of invisibility
 L - a potion of flight
 M - a potion of heal wounds
 O - a potion of magic {unknown}


   Skills:
 - Level 4.0 Fighting
 + Level 16.6 Axes
 + Level 16.4 Armour
 - Level 2.5 Dodging


You had 11 spell levels left.
You didn't know any spells.
Your spell library was empty.

Dungeon Overview and Level Annotations

Branches:
Dungeon (11/15)            Temple (0/1) D:6            Lair (3/5) D:11
    Orc (0/2) D:9
  Swamp: Lair:2-3    Shoals: Lair:2-3     Snake: Lair:2-3    Spider: Lair:2-3

Altars:
Kikubaaqudgha
Makhleb
Uskayaw

Shops:
D:1 *   D:3 ?   D:7 ?*!


Innate Abilities, Weirdness & Mutations

You have a pair of horns on your head.
You reflexively headbutt those who attack you in melee.
You are partially covered in iridescent scales. (AC +2)
You do not regenerate when monsters are visible.


Message History

The seven-headed hydra bites you.
The seven-headed hydra bites you but does no damage.
The vampire mosquito bites you but does no damage.
You barely miss the bullfrog. You headbutt the bullfrog!
The bullfrog is moderately wounded.
You closely miss the vampire mosquito.
You slice one of the seven-headed hydra's heads off!
The six-headed hydra grows two more!
You slash the eight-headed hydra! You barely miss the cane toad.
You feel sick.
You are no longer poisoned.
The bullfrog hits you but does no damage.
The vampire mosquito barely misses you.
The cane toad stings you but does no damage.
The eight-headed hydra misses you.
The eight-headed hydra bites you but does no damage. x4
The eight-headed hydra bites you!
* * * LOW HITPOINT WARNING * * *
The eight-headed hydra bites you but does no damage. x2
The bullfrog hits you but does no damage.
The vampire mosquito barely misses you. The cane toad barely misses you.
The swamp dragon roars deafeningly!
You slash the bullfrog!
The bullfrog is almost dead.
You miss the vampire mosquito.
You completely miss the eight-headed hydra.
You hit the cane toad but do no damage.
The vampire mosquito bites you but does no damage.
The bullfrog hits you but does no damage.
The eight-headed hydra bites you but does no damage.
The eight-headed hydra bites you.
* * * LOW HITPOINT WARNING * * *
The eight-headed hydra bites you!
* * * LOW HITPOINT WARNING * * *
The eight-headed hydra bites you but does no damage.
The eight-headed hydra bites you.
* * * LOW HITPOINT WARNING * * *
The eight-headed hydra bites you but does no damage. x2
The eight-headed hydra closely misses you.
The cane toad stings you.
You die...

.........####.P......#..
.###..........P......#..
## ###......#.#.........
#.>..#..#........#..
#...................
##........#.........
#........$.h†......
#....P##...FF##.#...
............@Dy.....
##......<....hD......
##..##.######.......
.... ## $...... .#P
....... ......D .......
.......


You could see 2 eight-headed hydras, a swamp dragon, a cane toad, a vampire
mosquito, 2 wolves and a bullfrog.

Vanquished Creatures
  The ghost of suzumiya the Warrior, a journeyman GrFi of Fedhas (D:9)
  A two-headed ogre (D:11)
  A boulder beetle (D:11)
  Nergalle (D:10)
  Sonja (D:11)
  An ugly thing (D:10)
  Maurice (D:10)
  Joseph (D:10)
  A gargoyle (D:10)
  A cane toad (Lair:2)
  4 komodo dragons
  2 hornets
  A polar bear (Lair:2)
  3 blink frogs (Lair:2)
  A vampire (D:11)
  3 wyverns
  12 yaks
  A wraith (D:11)
  A basilisk (Lair:2)
  A steam dragon (D:10)
  2 vampire mosquitoes (D:10)
  7 water moccasins
  5 orc warriors
  3 sky beasts
  Duvessa (D:5)
  4 ice beasts
  4 black bears
  An ogre (D:5)
  12 wolves
  4 centaurs
  A phantom (D:6)
  2 kobold brigands (D:9)
  3 bullfrogs
  A scorpion (D:6)
  8 wights
  Dowan (D:5)
  9 killer bees
  10 howler monkeys
  4 hounds
  5 orc priests
  Crazy Yiuf (D:2)
  4 sleepcaps
  3 iguanas
  Natasha (thrice) (D:4)
  7 orc wizards
  A mummy (D:5)
  6 adders
  4 gnolls (D:6)
  2 shadow imps
  A white imp (D:8)
  A dart slug (D:1)
  A worm (D:4)
  27 orcs
  5 bats
  5 endoplasms
  2 giant cockroaches
  10 goblins
  9 hobgoblins
  7 jackals
  16 kobolds
  3 quokkas
  3 ball pythons
  A frilled lizard (D:1)
  2 kobold zombies (D:5)
  2 orc zombies (D:5)
  4 rats
  A spectral goblin (D:2)
257 creatures vanquished.

Vanquished Creatures (others)
  A killer bee (D:10)
1 creature vanquished.

Grand Total: 258 creatures vanquished

Notes
Turn   | Place    | Note
-------+----------+-------------------------------------------
     0 | D:1      | Dogbites the Minotaur Berserker began the quest for the
                  | Orb.
     0 | D:1      | Reached XP level 1. HP: 19/19 MP: 0/0
   208 | D:1      | Reached XP level 2. HP: 27/27 MP: 1/1
   517 | D:1      | Found Ixkof's General Store.
   854 | D:2      | Reached XP level 3. HP: 32/33 MP: 2/2
   925 | D:2      | Reached ** piety under Trog
   944 | D:2      | Found an ancient bone altar of Kikubaaqudgha.
  1008 | D:2      | Found a faded altar of an unknown god.
  1364 | D:2      | Found a runed translucent door.
  1365 | D:2      | Noticed Crazy Yiuf
  1483 | D:2      | Killed Crazy Yiuf
  1484 | D:2      | Reached XP level 4. HP: 29/40 MP: 3/3
  1937 | D:3      | Reached skill level 5 in Axes
  2052 | D:3      | Found Usmi's Magic Scroll Shoppe.
  2122 | D:3      | Bought a scroll of identify for 24 gold pieces
  7757 | D:4      | Noticed a black bear
  7783 | D:4      | Killed a black bear
  7784 | D:4      | Reached skill level 5 in Armour
  7784 | D:4      | Reached XP level 5. HP: 43/46 MP: 4/4
  7820 | D:4      | Noticed Natasha
  7835 | D:4      | Killed Natasha
  7906 | D:4      | Noticed Natasha
  7919 | D:4      | Killed Natasha
  7920 | D:4      | Reached XP level 6. HP: 52/52 MP: 5/5
  7973 | D:4      | Noticed Natasha
  7985 | D:4      | Killed Natasha
  8158 | D:4      | Noticed an ice beast
  8177 | D:4      | Killed an ice beast
  8870 | D:4      | Reached XP level 7. HP: 56/59 MP: 6/6
  9159 | D:5      | Entered Level 5 of the Dungeon
  9261 | D:5      | Noticed Dowan
  9261 | D:5      | Noticed Duvessa
  9275 | D:5      | Killed Duvessa
  9279 | D:5      | Killed Dowan
  9513 | D:5      | Reached XP level 8. HP: 57/66 MP: 7/7
  9796 | D:6      | Noticed a +0 hand axe
  9796 | D:6      | Noticed a +0 dagger
  9800 | D:6      | Found a hide-covered altar of Uskayaw.
 10200 | D:6      | Found a staircase to the Ecumenical Temple.
 10873 | D:7      | Reached skill level 10 in Axes
 10881 | D:7      | Identified the +1 pair of boots "Sucudefa" {+Inv Will+
                  | Regen+}
 10994 | D:7      | Reached skill level 10 in Armour
 11016 | D:7      | Found Nantab's Assorted Antiques.
 11100 | D:7      | Reached *** piety under Trog
 11214 | D:7      | Found Iganted's Distillery.
 11219 | D:7      | Bought a potion of heal wounds for 70 gold pieces
 11219 | D:7      | Bought a potion of heal wounds for 70 gold pieces
 11333 | D:7      | Reached XP level 9. HP: 64/71 MP: 8/8
 11474 | D:7      | Found Motufint's Magic Scroll Boutique.
 11482 | D:7      | Bought a scroll of identify for 20 gold pieces
 12692 | D:7      | Gained mutation: You do not regenerate when monsters are
                  | visible. [potion of mutation]
 12692 | D:7      | Gained mutation: You are partially covered in iridescent
                  | scales. (AC +2) [potion of mutation]
 13428 | D:9      | Found a flagged portal.
 13692 | D:9      | Found an ancient bone altar of Kikubaaqudgha.
 13777 | D:9      | Found a runed translucent door.
 13777 | D:9      | Noticed suzumiya's ghost (journeyman GrFi)
 14124 | D:9      | Found a burning altar of Makhleb.
 14245 | D:9      | Reached XP level 10. HP: 78/78 MP: 9/9
 14291 | D:9      | Reached **** piety under Trog
 14566 | D:9      | Found a staircase to the Orcish Mines.
 14736 | D:9      | Killed suzumiya's ghost
 15088 | D:10     | Entered Level 10 of the Dungeon
 15088 | D:10     | Noticed a gargoyle
 15107 | D:10     | Killed a gargoyle
 15182 | D:10     | Noticed Joseph
 15213 | D:10     | Killed Joseph
 15233 | D:10     | Noticed Maurice
 15284 | D:10     | Killed Maurice
 15666 | D:10     | Noticed a brown ugly thing
 15686 | D:10     | Killed a brown ugly thing
 15687 | D:10     | Reached XP level 11. HP: 56/84 MP: 10/10
 15963 | D:10     | Noticed Nergalle
 15998 | D:10     | Killed Nergalle
 16002 | D:10     | HP: 4/84 [poisoned by Nergalle]
 16325 | D:11     | Noticed a two-headed ogre
 16339 | D:11     | Killed a two-headed ogre
 16340 | D:11     | Reached skill level 15 in Axes
 16717 | D:11     | Noticed a boulder beetle
 16790 | D:11     | HP: 4/84 [boulder beetle (20)]
 16795 | D:11     | Killed a boulder beetle
 16796 | D:11     | Reached skill level 15 in Armour
 17186 | D:11     | Noticed Sonja
 17216 | D:11     | Killed Sonja
 17217 | D:11     | HP: 6/126 [poisoned by Sonja]
 17220 | D:11     | HP: 1/84 [poisoned by Sonja]
 17778 | D:11     | Found a staircase to the Lair.
 18107 | Lair:1   | Entered Level 1 of the Lair of Beasts
 20256 | Lair:2   | Identified a scroll of acquirement
 20256 | Lair:2   | Acquired a +4 heavy war axe
 20457 | Lair:2   | Reached XP level 12. HP: 80/91 MP: 11/11
 20486 | Lair:2   | You fall into a shaft and drop 1 floor!
 20606 | Lair:3   | Noticed a seven-headed hydra
 20609 | Lair:3   | Noticed an eight-headed hydra
 20613 | Lair:3   | HP: 4/91 [eight-headed hydra (4)]
 20613 | Lair:3   | Slain by a cane toad

Illustrated notes

Levels and vault maps discovered:
D:1:      minmay_arrival_semitransparent, layout_loops_corners, serial_shops,
          shop
D:2:      layout_basic, basic_altar, dreamdust_ecumenical_altar_drowned_temple,
          uniq_crazy_yiuf_cottage
D:3:      layout_rooms, serial_shops, shop, chequers_arboretum,
          nrook_mini_vaults, ebering_dispersal_statue_hall
D:4:      layout_cave_pools, corexii_hall_statues_t, uniq_natasha
D:5:      layout_basic, amcnicky_mini_pool_small, minmay_mini_ossuary,
          uniq_duvessa
D:6:      layout_basic, dancing_weapons_uskayaw, minmay_temple_entry_ruins
D:7:      minmay_angry_zag, layout_loops_ring, serial_shops, shop, shop, shop,
          shop, shop_statue
D:8:      layout_basic
D:9:      layout_roguey, mainiacjoe_overflow_swirl, david_orc_4, enter_bailey_3,
          hellmonk_ghost_happy_afterlife
D:10:     layout_rooms, uniq_joseph, uniq_nergalle, uniq_maurice
D:11:     layout_roguey, david_lair_shrubbed, kennysheep_boxes, uniq_sonja
Lair:1:   layout_chaotic_city
Lair:2:   layout_gridlike, minmay_swamp_entry_worms,
          hellmonk_spider_entry_life_and_decay
Lair:3:   layout_chaotic_city, pond, serial_bayou_shore_b, uniq_snorg

Skill      XL: |  1  2  3  4  5  6  7  8  9 10 11 |
---------------+----------------------------------+-----
Fighting       | 4 |  4.0
Axes           | 4 5 6 7 8 10 12 14 16 | 16.6
Armour         | 3 5 6 8 10 12 14 16 | 16.4
Dodging        | |  2.5

Action                     |  1- 3 |  4- 6 |  7- 9 | 10-12 || total
---------------------------+-------+-------+-------+-------++-------
  Melee: Hand axe          |    70 |    83 |   365 |   486 ||  1004
         Headbutt          |    11 |    10 |    64 |   161 ||   246
         Punch             |       |       |     4 |     6 ||    10
         War axe           |       |       |       |    48 ||    48
 Invoke: Berserk           |       |     2 |     7 |    11 ||    20
    Use: Scroll            |       |     8 |     6 |     4 ||    18
         Potion            |       |     3 |     4 |    12 ||    19
   Stab: Sleeping          |       |     1 |       |       ||     1
 Armour: Animal skin       |    31 |    75 |     4 |       ||   110
         Plate armour      |       |       |   270 |   428 ||   698
  Dodge: Dodged            |    55 |    89 |   159 |   230 ||   533
